 Dungeon Crawl Stone Soup version 0.24-a0-250-g6074511 (webtiles) character file.

Game seed: 10750213609038222796

18153 Borgoz the Slicer (level 12, -7/77 HPs)
             Began as a Gargoyle Gladiator on Apr 15, 2019.
             Was a Believer of Ashenzari.
             Engulfed by an ice statue's freezing vapour (8 damage)
             ... in an ice cave.
             The game lasted 00:42:30 (13109 turns).

Borgoz the Slicer (Gargoyle Gladiator)             Turns: 13109, Time: 00:42:30

Health: -7/77      AC: 23    Str: 28    XL:     12   Next: 55%
Magic:  13/13      EV: 15    Int: 14    God:    Ashenzari [**....]
Gold:   677        SH:  0    Dex: 11    Spells: 11/11 levels left

rFire    + + .     SeeInvis +   a - +2 short sword (venom)
rCold    + . .     Gourm    +   (no shield)
rNeg     + + +     Faith    .   d - +3 ring mail of Barieche {+Inv rPois rF+ rN++ Stlth-} (curse)
rPois    ∞         Spirit   .   c - +1 helmet
rElec    +         Reflect  .   i - scarf {rC+ rF+} (curse)
rCorr    .         Harm     .   (no gloves)
MR       +....                  y - +1 pair of boots "Unlief" {rPois Str+4 Int+5 Dex-4}
Stlth    +.........             k - amulet of the gourmand
HPRegen  0.22/turn              h - ring of see invisible
MPRegen  0.13/turn              r - ring of protection from magic

@: mighty
A: negative energy resistance 1, electricity resistance, unbreathing,
petrification resistance, rot immunity, AC +8
a: Curse Item, Scrying, Renounce Religion, Evoke Invisibility


You were in an ice cave.
You worshipped Ashenzari.
Ashenzari was pleased with you.
You were very full.

You visited 3 branches of the dungeon, and saw 14 of its levels.
You also visited: Ice Cave.

You collected 677 gold pieces.

Inventory:

Hand Weapons
 a - a +2 short sword of venom (weapon)
 b - a +1 dagger of speed
 e - a +0 rapier
Armour
 c - a +1 helmet (worn)
 d - the cursed +3 ring mail of Barieche (worn) {+Inv rPois rF+ rN++ Stlth-}
   (You found it on level 7 of the Dungeon)

   It protects you from fire.
   It protects you from poison.
   It greatly protects you from negative energy.
   It lets you turn invisible.
   It makes you less stealthy.
   It has a curse placed upon it.
 i - a cursed scarf of resistance (worn)
 y - the +1 pair of boots "Unlief" (worn) {rPois Str+4 Int+5 Dex-4}
   (You found it on level 5 of the Dungeon)

   It affects your strength (+4).
   It affects your intelligence (+5).
   It affects your dexterity (-4).
   It protects you from poison.
Jewellery
 h - a ring of see invisible (left hand)
 j - an uncursed ring of fire
 k - an amulet of the gourmand (around neck)
 r - a ring of protection from magic (right hand)
 u - an uncursed ring of protection from magic
Wands
 n - a wand of acid (8)
 D - a wand of iceblast (17)
 G - a wand of digging (3)
Scrolls
 l - 9 scrolls of remove curse
 o - 2 scrolls of teleportation
 s - 2 scrolls of enchant weapon
 F - 2 scrolls of magic mapping
Potions
 g - a potion of brilliance
 p - 2 potions of cancellation
 t - a potion of curing
 x - a potion of flight
Comestibles
 f - 28 rations


   Skills:
 + Level 9.6 Fighting
 + Level 12.2 Short Blades
 - Level 1.9 Throwing
 + Level 8.9 Armour
 + Level 7.9 Dodging
 + Level 4.5 Stealth
 + Level 2.1 Evocations


You had 11 spell levels left.
You didn't know any spells.
Your spell library contained the following spells:

 Spells                   Type           Power        Failure   Level  Hunger
 Sting                    Conj/Pois      #...         36%         1    ##.....
 Poisonous Vapours        Pois/Air       #.....       52%         2    ###....
 Conjure Flame            Conj/Fire      #.......     75%         3    ####...
 Mephitic Cloud           Conj/Pois/Air  #.......     75%         3    ####...
 Olgreb's Toxic Radiance  Pois           #.......     98%         4    #####..
 Irradiate                Conj/Tmut      #.........   100%        5    ######.
 Venom Bolt               Conj/Pois      #.........   100%        5    ######.
 Freezing Cloud           Conj/Ice/Air   #.........   100%        6    #######
 Hydra Form               Tmut           #.........   100%        6    #######
 Dragon Form              Tmut           #.........   100%        7    #######
 Ring of Flames           Chrm/Fire      #.........   100%        7    #######
 Statue Form              Tmut/Erth      Unusable     N/A         6    N/A

Dungeon Overview and Level Annotations

Branches:
Dungeon (10/15)            Temple (1/1) D:5            Lair (3/6) D:9
 Shoals (0/4) Lair:2          Orc (0/2) D:9
  Snake: Lair:2-4    Spider: Lair:2-4

Altars:
Ashenzari
Cheibriados
Dithmenos
Elyvilon
Fedhas
Gozag
Hepliaklqana
Kikubaaqudgha
Makhleb
Nemelex Xobeh
Okawaru
Qazlal
Ru
Sif Muna
Trog
Uskayaw
Vehumet
Wu Jian
Xom
Yredelemnul
Zin
The Shining One

Shops:
D:6 %}(

Annotations:
IceCv exclusion: 3 ice statues


Innate Abilities, Weirdness & Mutations

You are resistant to torment.
Your stone body is resilient. (AC +8)
You are immune to poison.
You resist negative energy. (rN+)
You are resistant to electric shocks. (rElec)
You can survive without breathing.
You are immune to petrification.
You are immune to rotting.


Message History

The ice statue gestures at you.
The freezing blast engulfs the ice beast.
The ice beast completely resists.
The ice beast barely misses you.
You hit the ice beast.
The ice beast is severely wounded.
You are engulfed in freezing vapours.
You resist. The ice beast barely misses you.
You closely miss the ice beast.
The ice beast is almost dead.
You are engulfed in freezing vapours.
You resist.
The ice beast hits you but does no damage.
The ice beast closely misses you. The ice beast barely misses you.
The ice beast completely misses you. The ice beast closely misses you. x2
You puncture the ice beast!
You kill the ice beast!
You are engulfed in freezing vapours.
You resist.
* * * LOW HITPOINT WARNING * * *
The ice beast misses you.
You are engulfed in freezing vapours.
You resist.
You die...

############# ### , *
##....8#[....## ##..
##......#[.....###... *,
. ,#.......#.......#....
.Y.#...YYY.#.......#....
..u8...§☼Y............∩.
,
,..#...@YY.#.......#....
, ,#...☼§§.#.......#....
, ##.☼....#......###...
, * ##....8#(....## ##..
############# ###


You could see 3 ice statues, a white ugly thing and 7 ice beasts.

Vanquished Creatures
  Gastronok (Lair:2)
  3 unseen horrors (D:10)
  An ugly thing (IceCv)
  Maurice (D:10)
  2 merfolk sirens (Lair:2)
  Psyche (D:10)
  7 spiny frogs
  A komodo dragon (Lair:2)
  2 rime drakes
  3 trolls
  6 hippogriffs
  5 blink frogs (Lair:2)
  2 wraiths (D:10)
  A spriggan (Lair:1)
  A wyvern (D:10)
  10 yaks
  A human (D:10)
  A basilisk (Lair:3)
  3 hogs (D:10)
  A hungry ghost (D:9)
  2 water moccasins
  3 porcupines
  7 ice beasts
  3 black bears
  A phantom (D:4)
  3 ogres
  A wolf (D:9)
  A centaur (D:5)
  4 crocodiles
  A big kobold (D:10)
  6 bullfrogs
  A scorpion (D:10)
  A water moccasin skeleton (D:10)
  3 vampire bats (D:5)
  8 killer bees (D:8)
  6 wights
  An electric eel (D:9)
  5 howler monkeys
  4 crimson imps
  2 jellies
  2 centaur skeletons
  12 hounds
  A quasit (D:10)
  Crazy Yiuf (D:6)
  7 orc priests
  4 orc wizards
  3 iguanas
  A gnoll shaman (D:10)
  2 worker ants
  2 hound zombies
  A hound skeleton (D:10)
  A howler monkey zombie (D:10)
  7 gnolls
  10 adders
  2 howler monkey skeletons
  An ooze (D:3)
  An adder skeleton (D:4)
  A worm (D:3)
  2 dart slugs (D:1)
  6 leopard geckos
  40 orcs
  6 bats
  2 bat skeletons (D:5)
  3 bat zombies (D:5)
  3 giant cockroaches
  7 goblins
  7 hobgoblins
  4 jackals (D:7)
  A quokka (D:6)
  A ball python (D:3)
  4 frilled lizards
  A giant cockroach zombie (D:6)
  A jackal skeleton (D:5)
  11 kobolds
  A leopard gecko skeleton (D:6)
  3 rats
278 creatures vanquished.

Vanquished Creatures (others)
  3 fungi (Lair:2)
  A plant (Lair:2)
4 creatures vanquished.

Grand Total: 282 creatures vanquished

Notes
Turn   | Place    | Note
-------+----------+-------------------------------------------
     0 | D:1      | Borgoz the Gargoyle Gladiator began the quest for the Orb.
     0 | D:1      | Reached XP level 1. HP: 12/12 MP: 1/1
   134 | D:1      | Reached XP level 2. HP: 11/17 MP: 2/2
   150 | D:1      | Reached skill level 3 in Short Blades
   749 | D:2      | Reached XP level 3. HP: 21/22 MP: 3/3
  1466 | D:2      | Reached skill level 1 in Armour
  1644 | D:2      | Found a glowing golden altar of the Shining One.
  1795 | D:3      | Reached XP level 4. HP: 27/27 MP: 4/4
  2687 | D:4      | Reached skill level 4 in Short Blades
  2696 | D:4      | Reached XP level 5. HP: 24/31 MP: 5/5
  2890 | D:4      | Noticed an ogre
  2897 | D:4      | Killed an ogre
  2977 | D:4      | Reached XP level 6. HP: 26/36 MP: 6/6
  2992 | D:4      | Reached skill level 1 in Stealth
  3195 | D:4      | Noticed a phantom
  3238 | D:4      | Killed a phantom
  3268 | D:5      | Entered Level 5 of the Dungeon
  3278 | D:5      | Reached skill level 5 in Short Blades
  3651 | D:5      | Reached XP level 7. HP: 37/41 MP: 7/7
  3807 | D:5      | Got a pair of transparent boots
  3815 | D:5      | Identified the +1 pair of boots "Unlief" {rPois Str+4 Int+5
                  | Dex-4} (You found it on level 5 of the Dungeon)
  3864 | D:5      | Reached skill level 1 in Evocations
  3942 | D:5      | Found an ancient bone altar of Kikubaaqudgha.
  3999 | D:5      | Found a staircase to the Ecumenical Temple.
  4013 | Temple   | Entered the Ecumenical Temple
  4021 | Temple   | Became a worshipper of Ashenzari the Shackled
  4254 | D:5      | Got the glaive of the Establishment {flame, rF- Int+5
                  | Dex+5}
  4735 | D:6      | Found Oxidgh's Weapon Emporium.
  4825 | D:6      | Reached skill level 6 in Short Blades
  4949 | D:6      | Reached XP level 8. HP: 44/48 MP: 9/9
  5124 | D:6      | Found Fatrax's Gadget Shop.
  5285 | D:6      | Found Bupp's Food Shop.
  5358 | D:6      | Found a runed translucent door.
  5359 | D:6      | Noticed Crazy Yiuf
  5746 | D:6      | Reached skill level 7 in Short Blades
  5917 | D:6      | Killed Crazy Yiuf
  6130 | D:7      | Got the uncursed ring mail of Barieche {+Inv rPois rF+ rN++
                  | Stlth-}
  6141 | D:7      | Identified the +3 ring mail of Barieche {+Inv rPois rF+
                  | rN++ Stlth-} (You found it on level 7 of the Dungeon)
  6446 | D:7      | Found a sparkling altar of Nemelex Xobeh.
  6447 | D:7      | Found an opulent altar of Gozag.
  6548 | D:8      | Reached skill level 5 in Armour
  6548 | D:8      | Reached XP level 9. HP: 35/53 MP: 10/10
  6589 | D:8      | Reached skill level 5 in Fighting
  6596 | D:8      | Reached skill level 8 in Short Blades
  6844 | D:8      | Found a stormy altar of Qazlal.
  6923 | D:8      | Reached * piety under Ashenzari
  7115 | D:9      | Found a staircase to the Orcish Mines.
  7475 | D:9      | Noticed a troll
  7490 | D:9      | Killed a troll
  7635 | D:9      | Found a staircase to the Lair.
  7640 | D:9      | Found a white marble altar of Elyvilon.
  7641 | D:9      | Found an ornate altar of the Wu Jian Council.
  7654 | D:9      | Found a snail-covered altar of Cheibriados.
  7664 | D:9      | Reached skill level 5 in Dodging
  7795 | D:9      | Found the +2 pair of boots of the Assassin {Detection Stab+
                  | Stlth++}
  7805 | D:9      | Reached skill level 9 in Short Blades
  7805 | D:9      | Reached XP level 10. HP: 38/61 MP: 11/11
  8441 | D:10     | Entered Level 10 of the Dungeon
  8483 | D:10     | Noticed an unseen horror
  8525 | D:10     | Killed an unseen horror
  8539 | D:10     | Noticed Maurice
  8560 | D:10     | Identified the +9 glaive of the Establishment {flame, rF-
                  | Int+5 Dex+5} (You found it on level 5 of the Dungeon)
  8572 | D:10     | Killed Maurice
  8579 | D:10     | Noticed an unseen horror
  8596 | D:10     | Reached skill level 10 in Short Blades
  8606 | D:10     | Killed an unseen horror
  8776 | D:10     | Noticed an unseen horror
  8812 | D:10     | Killed an unseen horror
  8812 | D:10     | Reached XP level 11. HP: 36/67 MP: 12/12
  9227 | Lair:1   | Entered Level 1 of the Lair of Beasts
  9308 | Lair:1   | Reached ** piety under Ashenzari
 10045 | D:10     | Reached skill level 11 in Short Blades
 10125 | D:10     | Noticed Psyche
 10154 | D:10     | Killed Psyche
 10566 | D:10     | Noticed a skeletal warrior
 10839 | Lair:2   | Noticed Gastronok
 10898 | Lair:2   | Killed Gastronok
 10898 | Lair:2   | Reached XP level 12. HP: 39/75 MP: 13/13
 11974 | Lair:2   | Found a staircase to the Shoals.
 12363 | Lair:2   | Reached skill level 12 in Short Blades
 12696 | Lair:3   | Found a basalt altar of Yredelemnul.
 12774 | Lair:3   | Found a frozen archway.
 12786 | IceCv    | Entered an ice cave
 12790 | IceCv    | Reached *** piety under Ashenzari
 13103 | IceCv    | HP: 1/77 [ice beast[an ice statue] (4)]
 13108 | IceCv    | HP: 1/77 [ice statue] (1)]
 13109 | IceCv    | Engulfed by an ice statue's freezing vapour

Levels and vault maps discovered:
D:1:      mrwooster_arrival_statue_3, layout_basic, supply_closet_lemuel
D:2:      layout_basic, nicolae_tso_carved_into_rock
D:3:      cheibrodos_helix_gallery, layout_basic
D:4:      layout_basic, first_ration, serial_park_tiny_2, dk_vineyard_2
D:5:      layout_gridville, kennysheep_vampire_church,
          minmay_temple_entry_junction, bh_walls_and_bars
D:6:      layout_loops_corners, serial_shops, shop, kennysheep_mini_moat,
          nicolae_shop_statue_plus, uniq_crazy_yiuf_cottage
D:7:      layout_gridville, grunt_temple_overflow_opulence
D:8:      layout_basic, grunt_qazlal_clouds
D:9:      layout_irregular_city, chequers_temple_overflow_statue_of_worship,
          erik_lair_island, david_orc_2
D:10:     hangedman_screamer, layout_gridville, grunt_livestock, uniq_harold,
          uniq_maurice, uniq_psyche
Temple:   nicolae_temple_no_exploring_needed
Lair:1:   layout_cave_shapes, grunt_forest_large_clearing_hut
Lair:2:   layout_layer_cave, elwin_shoals_entry_rooms,
          chequers_serial_rivers_room_b, uniq_gastronok
Lair:3:   layout_roguey, nicolae_spider_entry_tight_spaces, basic_altar,
          portal_ice_cave_entry_pillars_2, grunt_megastairs_1
IceCv:    ice_cave_statue_garden_chambered

Skill      XL: |  1  2  3  4  5  6  7  8  9 10 11 12 |
---------------+-------------------------------------+-----
Short Blades   | 3 4 5 6 7 9 10 11 12 | 12.2
Armour         | 1 2 3 4 5 6 7 8 |  8.9
Fighting       | 3 4 6 7 8 9 |  9.6
Stealth        | 1 2 3 4 |  4.5
Dodging        | 3 5 6 7 |  7.9
Evocations     | 1 2 |  2.1
Throwing       | |  1.9

Action                   |  1- 3 |  4- 6 |  7- 9 | 10-12 || total
-------------------------+-------+-------+-------+-------++-------
Melee: Rapier            |    59 |   155 |   399 |       ||   613
       Short sword       |    78 |       |   151 |   868 ||  1097
       Dagger            |       |       |   248 |       ||   248
Throw: Throwing net      |       |     2 |     5 |       ||     7
Invok: Curse Item        |       |       |     2 |       ||     2
Evoke: Wand              |       |     8 |       |     7 ||    15
  Use: Scroll            |     3 |     1 |    16 |     3 ||    23
       Potion            |       |       |     5 |    10 ||    15
 Stab: Held in net/web   |       |     1 |     1 |       ||     2
       Distracted        |       |       |     1 |     1 ||     2
       Sleeping          |       |       |       |     1 ||     1
  Eat: Chunk             |     2 |     7 |    19 |    23 ||    51
       Ration            |       |       |       |     1 ||     1
Armor: Leather armour    |    30 |       |       |       ||    30
       Chain mail        |    42 |    88 |   241 |       ||   371
       Ring mail         |       |       |   231 |   364 ||   595
Dodge: Dodged            |    72 |    46 |   415 |   493 ||  1026

Table legend:
 A = Non-vault XP
 B = Vault XP
 C = Vault XP percentage of total XP
 D = Non-vault monster count
 E = Vault monster count
 F = Vault count percentage of total count
                 A         B        C        D         E       F
            +---------+---------+-------+---------+---------+-------
      Total |   17459 |    8474 |  32.7 |     226 |      52 |  18.7
            +---------+---------+-------+---------+---------+-------
        D:1 |      31 |       0 |   0.0 |      16 |       0 |   0.0
        D:2 |      49 |       0 |   0.0 |      16 |       0 |   0.0
        D:3 |      17 |      10 |  37.0 |       8 |       2 |  20.0
        D:4 |     476 |       0 |   0.0 |      18 |       0 |   0.0
        D:5 |     281 |     180 |  39.0 |      11 |       8 |  42.1
        D:6 |     640 |      41 |   6.0 |      31 |       1 |   3.1
        D:7 |     544 |       0 |   0.0 |      17 |       0 |   0.0
        D:8 |    1032 |       0 |   0.0 |      15 |       0 |   0.0
        D:9 |    1633 |     659 |  28.8 |      23 |      15 |  39.5
       D:10 |    5207 |    2445 |  32.0 |      41 |      13 |  24.1
     Lair:1 |    2667 |     767 |  22.3 |      12 |       3 |  20.0
     Lair:2 |    3376 |    3084 |  47.7 |      11 |       3 |  21.4
     Lair:3 |    1506 |       0 |   0.0 |       7 |       0 |   0.0
      IceCv |       0 |    1288 | 100.0 |       0 |       7 | 100.0
            +---------+---------+-------+---------+---------+-------
